 Dungeon Crawl Stone Soup version 0.29-a0-393-g47a863cc1b (webtiles) character file.

Game seed: 10596967848512789506

410 chunkyMonkey the Skirmisher (level 6, -7/67 HPs)
             Began as an Ogre Fighter on May 9, 2022.
             Killed from afar by Natasha (11 damage)
             ... with a puff of flame
             ... on level 4 of the Dungeon on May 10, 2022.
             The game lasted 00:08:02 (7175 turns).

chunkyMonkey the Skirmisher (Ogre Fighter)          Turns: 7175, Time: 00:08:02

Health: -7/67      AC:  3    Str: 23    XL:     6   Next: 89%
Magic:  9/9        EV:  7    Int:  9    God:
Gold:   166        SH: 11    Dex:  8    Spells: 9/9 levels left

rFire   . . .      SeeInvis .   a - +0 war axe
rCold   . . .      Faith    .   j - +0 tower shield
rNeg    . . .      Spirit   .   b - +0 robe
rPois   .          Reflect  .   (helmet restricted)
rElec   .          Harm     .   (no cloak)
rCorr   .          Rampage  .   (gloves unavailable)
Will    .....                   (boots unavailable)
Stlth   +.........              (no amulet)
HPRegen 0.21/turn               (no ring)
MPRegen 0.11/turn               (no ring)

@: mighty
A: large, unfitting armour, tough skin 1
a: no special abilities


You were on level 4 of the Dungeon.
You visited 1 branch of the dungeon, and saw 4 of its levels.

You collected 236 gold pieces.
You spent 70 gold pieces at shops.

Inventory:

Hand Weapons
 a - a +0 war axe (weapon)
Missiles
 l - 3 poisoned darts (quivered)
Armour
 b - a +0 robe (worn)
 j - a +0 tower shield (worn)
Scrolls
 c - a scroll of fear
 g - 2 scrolls of enchant armour
 h - a scroll of amnesia
 k - 5 scrolls of teleportation
 m - a scroll of magic mapping {unknown}
 s - a scroll of identify
Potions
 e - a potion of magic {unknown}
 f - a potion of flight
 i - a potion of curing
 n - a potion of invisibility {unknown}
 o - a potion of heal wounds {unknown}
 p - a potion of attraction {unknown}
 q - a potion of lignification {unknown}
 r - a potion of degeneration {unknown}
 t - a potion of haste {unknown}


   Skills:
 * Level 5.7 Fighting
 * Level 3.8 Axes
 + Level 1.3 Throwing
 + Level 1.6 Armour
 - Level 3.0 Dodging
 * Level 4.0 Shields
 + Level 2.1 Spellcasting


You had 9 spell levels left.
You didn't know any spells.
Your spell library contained the following spells:

 Spells                   Type           Power      Damage    Failure   Level
 Magic Dart               Conj           0%         1d3       91%         1
 Corpse Rot               Necr/Air       0%         N/A       97%         2
 Poisonous Vapours        Pois/Air       0%         N/A       97%         2
 Searing Ray              Conj           0%         2d4       97%         2
 Fulminant Prism          Conj/Hex       0%         3d6       100%        4


Dungeon Overview and Level Annotations

Branches:
Dungeon (4/15)
 Temple: D:4-7

Altars:

Shops:
D:2 *

Annotations:
D:3 1 runed translucent door, Crazy Yiuf
D:4 Natasha


Innate Abilities, Weirdness & Mutations

You are too large for most types of armour.
You have tough skin. (AC +1)


Message History

You closely miss Natasha. You slash the white imp! Natasha claws you.
The white imp gestures at you. The puff of frost hits you!
Natasha mumbles some strange words.
You barely miss Natasha. You slash the white imp!
You kill the white imp!
The white imp disappears in a puff of smoke!
Natasha casts a spell at you. You resist with some effort.
You slash Natasha!
Natasha is heavily wounded.
You block Natasha's attack. Natasha claws you.
You closely miss Natasha.
Natasha is heavily wounded.
You closely miss the iron imp. The iron imp barely misses you.
Natasha claws you.
* * * LOW HITPOINT WARNING * * *
You closely miss Natasha.
Natasha is heavily wounded.
You hit the iron imp but do no damage. Natasha casts a spell at you.
You resist with some effort. The iron imp completely misses you.
You block Natasha's attack. The iron imp barely misses you.
You hit Natasha but do no damage.
Natasha is heavily wounded.
You hit the iron imp. Natasha casts a spell at you.
You resist with some effort. The iron imp hits you.
* * * LOW HITPOINT WARNING * * *
You feel very mighty all of a sudden. You block Natasha's attack.
The iron imp hits you.
* * * LOW HITPOINT WARNING * * *
You closely miss Natasha.
Natasha is heavily wounded.
You barely miss the iron imp.
Natasha zaps a wand.
The puff of flame hits you.
* * * LOW HITPOINT WARNING * * *
The iron imp hits you.
* * * LOW HITPOINT WARNING * * *
Natasha zaps a wand.
The puff of flame hits you!
You die...

##### ##.... #.....
######### #.....
######......>#
##..###
#............# ##..##
.............####..##
.............##..###
......5.....##..##
......h@....#..##
...........#..##
............###
...........##
##........##
###.....## ####..#
##.# #.##


You could see an iron imp (summoned) and Natasha.

Vanquished Creatures
  An ogre (D:3)
  A scorpion (D:4)
  A hound (D:4)
  A jelly (D:4)
  Natasha (twice) (D:4)
  Ijyb (D:3)
  Robin (D:3)
  A gnoll (D:1)
  An adder (D:2)
  3 worms (D:2)
  5 dart slugs
  6 endoplasms
  4 giant cockroaches
  9 goblins
  9 hobgoblins
  2 jackals (D:4)
  10 kobolds
  A quokka (D:1)
  10 ball pythons
  7 bats
  2 frilled lizards
  4 rats
82 creatures vanquished.

Notes
Turn   | Place    | Note
-------+----------+-------------------------------------------
     0 | D:1      | chunkyMonkey the Ogre Fighter began the quest for the Orb.
     0 | D:1      | Reached XP level 1. HP: 24/24 MP: 1/1
    84 | D:1      | Reached XP level 2. HP: 28/32 MP: 2/2
   318 | D:1      | Found a faded altar of an unknown god.
   584 | D:1      | Reached XP level 3. HP: 40/40 MP: 3/3
   983 | D:2      | Found Ipyurghoe's General Store.
   997 | D:2      | Bought a potion of curing for 42 gold pieces
   997 | D:2      | Bought a scroll of identify for 28 gold pieces
  1697 | D:2      | Reached XP level 4. HP: 49/49 MP: 5/5
  2069 | D:2      | Reached skill level 1 in Spellcasting
  2724 | D:3      | Noticed Robin
  3112 | D:3      | Killed Robin
  3412 | D:3      | Reached skill level 1 in Armour
  3551 | D:3      | Found a runed translucent door.
  3552 | D:3      | Noticed Crazy Yiuf
  3605 | D:3      | Noticed Ijyb
  4282 | D:3      | Killed Ijyb
  4283 | D:3      | Reached XP level 5. HP: 43/55 MP: 6/6
  4572 | D:3      | Noticed an ogre
  4885 | D:3      | Killed an ogre
  4886 | D:3      | Reached skill level 5 in Fighting
  4886 | D:3      | Reached XP level 6. HP: 51/66 MP: 6/8
  5364 | D:4      | Noticed Natasha
  5372 | D:4      | Killed Natasha
  5373 | D:4      | Reached skill level 1 in Throwing
  5683 | D:4      | Noticed Natasha
  5694 | D:4      | Killed Natasha
  7158 | D:4      | Noticed Natasha
  7175 | D:4      | Killed from afar by Natasha

Illustrated notes

Levels and vault maps discovered:
D:1:      eino_arrival_water_cross, layout_rooms,
          dreamdust_ecumenical_altar_grove, minmay_misc_feat_diagonals
D:2:      layout_basic, serial_shops, nicolae_shop_advertising_works
          [nicolae_subvault_shop_adworks]
D:3:      layout_rooms, kennysheep_cluttered_room, uniq_crazy_yiuf_cottage,
          uniq_ijyb, uniq_robin
D:4:      layout_cave_pods, uniq_natasha

Skill      XL: |  1  2  3  4  5  6 |
---------------+-------------------+-----
Shields        | 3 4 |  4.0
Dodging        | 3 |  3.0
Spellcasting   | 1 2 |  2.1
Axes           | 3 |  3.8
Armour         | 1 |  1.6
Fighting       | 5 |  5.7
Throwing       | 1 |  1.3

Action                   |  1- 3 |  4- 6 || total
-------------------------+-------+-------++-------
Melee: War axe           |   111 |   135 ||   246
       Unarmed           |       |    15 ||    15
Throw: Dart              |       |    10 ||    10
  Use: Scroll            |     5 |     1 ||     6
       Potion            |       |     3 ||     3
Armor: Robe              |    43 |    32 ||    75
Dodge: Dodged            |    60 |    62 ||   122
Block: Kite shield       |    28 |       ||    28
       Tower shield      |    28 |    96 ||   124

Table legend: (Time is in decaauts)
 A = Elapsed time spent in this place.
 B = Non-inter-level travel time spent in this place.
 C = Inter-level travel time spent in this place.
 D = Time resting spent in this place.
 E = Time spent auto-exploring this place.
 F = Levels seen in this place.
 G = Mean time per level.
                   A        B        C        D        E       F      G
               +--------+--------+--------+--------+--------+-----+--------+
         Total |   7351 |   7214 |    137 |   4248 |   2130 |   4 | 1837.8 |
       Dungeon |   7351 |   7214 |    137 |   4248 |   2130 |   4 | 1837.8 |
               +--------+--------+--------+--------+--------+-----+--------+

Top non-repeatable levels by time:
     D:2: 3199 daAuts
     D:4: 1861 daAuts
     D:3: 1434 daAuts
     D:1: 856 daAuts
